AoeStats
← CrazyBen

Arena

509866308Analyzed
4v4 RM · 3d ago on Sep 28, 2026· 54m 3s· 8 players
Game mode
Random Map
Map size
Large (8 player)
Population
200
Speed
Normal
Resources
Standard
Victory
Conquest
Starting age
Dark Age
Ending age
Imperial Age
RankedLock teamsTeams togetherTeam positionsShared explorationLock speedFull tech treeHidden civsTurbo modeCheats
Victory
Defeat
🇨🇳 Bengalis · China
1482
+13
1478
+14
🇹🇼 Danes · Taiwan
1476
+14
🇦🇷 Saxons · Argentina
1442
+15
🇫🇷 Japanese · France
1444
-15
🇷🇴 Franks · Romania
1441
-15
🇩🇪 Vietnamese · Germany
1407
-13
🇦🇹 Turks · Austria
1401
-13
sjhgdtbr
8:13 Loom
9:58 Feudal Age
14:33 Castle Age
13:12 Double-Bit Axe
16:15 Bow Saw
26:27 Town Watch
27:30 Forging
30:03 Wheelbarrow
31:20 Iron Casting
31:13 Fletching
32:31 Gold Mining
34:04 Scale Mail Armor
37:56 Imperial Age
36:34 Chain Mail Armor
37:48 Ballistics
39:41 Chemistry
39:02 Conscription
38:11 Pikeman
38:51 Squires
CrazyBen
11:24 Feudal Age
12:31 Double-Bit Axe
12:28 Horse Collar
15:22 Castle Age
16:19 Bow Saw
16:11 Heavy Plow
20:36 Pikeman
22:25 Squires
22:26 Scale Mail Armor
23:36 Devotion
24:30 Chain Mail Armor
25:57 Arson
27:17 Gambesons
26:53 Man-at-Arms
31:07 Imperial Age
28:23 Loom
28:14 Long Swordsman
31:57 Wheelbarrow
31:47 Forging
31:10 Two-Handed Swordsman
32:44 Plate Mail Armor
32:27 Champion
35:12 Conscription
38:36 Guard Tower
38:38 Fletching
41:16 Yasama
41:30 Halberdier
Kawa
10:36 Feudal Age
14:07 Castle Age
11:59 Double-Bit Axe
12:02 Horse Collar
15:10 Bow Saw
15:37 Wheelbarrow
15:18 Heavy Plow
17:27 Loom
33:44 Gold Mining
33:45 Stone Mining
34:42 Hand Cart
35:05 Town Watch
39:42 Imperial Age
38:04 Husbandry
38:12 Scale Barding Armor
38:36 Masonry
39:05 Bloodlines
39:21 Chain Barding Armor
39:13 Forging
40:09 Chatras
40:54 Ballistics
41:37 Chemistry
40:57 Ballistics
41:58 Two-Man Saw
41:29 Crop Rotation
41:50 Plate Barding Armor
41:33 Elite Battle Elephant
45:30 Iron Casting
45:20 Paper Money
45:38 Hoardings
45:11 Siege Engineers
45:17 Careening
45:04 Murder Holes
45:20 Fortified Wall
46:13 Elite Rattan Archer
46:48 Fletching
47:41 Bodkin Arrow
48:22 Bracer
49:58 Padded Archer Armor
IRON MIKE
11:05 Feudal Age
14:59 Castle Age
13:33 Double-Bit Axe
17:39 Horse Collar
21:32 Loom
22:25 Wheelbarrow
22:38 Heavy Plow
26:37 Scale Barding Armor
27:27 Fletching
33:29 Bow Saw
34:27 Gold Mining
35:56 Gold Shaft Mining
35:31 Town Watch
36:02 Hand Cart
39:43 Imperial Age
38:35 Ballistics
38:26 Masonry
40:44 Stone Mining
41:17 Husbandry
41:39 Chain Barding Armor
42:25 Conscription
43:35 Bloodlines
44:54 Plate Barding Armor
46:31 Forging
53:52 Artillery
Marchantia
10:30 Feudal Age
12:32 Double-Bit Axe
12:34 Horse Collar
14:55 Castle Age
15:53 Scale Mail Armor
16:03 Forging
15:41 Arson
15:56 Squires
17:24 Wheelbarrow
21:39 Chain Mail Armor
22:53 Iron Casting
29:00 Bow Saw
28:53 Heavy Plow
32:50 Stone Mining
32:50 Gold Mining
37:05 Imperial Age
34:53 Hand Cart
39:06 Plate Mail Armor
39:37 Blast Furnace
38:16 Pikeman
38:16 Elite Varangian Guard
39:19 Gambesons
40:13 Conscription
39:14 Hamask
39:43 Man-at-Arms
40:09 Elite Jomsviking
41:53 Gold Shaft Mining
42:09 Northmen's Fury
43:41 Halberdier
50:46 Siege Engineers
51:42 Chemistry
丙酮酸嗦话梅
10:04 Feudal Age
10:38 Loom
11:09 Double-Bit Axe
13:52 Castle Age
11:40 Horse Collar
12:36 Horse Collar
13:31 Gold Mining
19:43 Scale Barding Armor
20:55 Sanctity
24:08 Fervor
26:41 Fletching
29:28 Bow Saw
30:26 Wheelbarrow
30:03 Stone Mining
31:27 Horse Collar
34:32 Imperial Age
34:17 Hand Cart
34:16 Bodkin Arrow
35:19 Redemption
35:44 Herbal Medicine
36:18 Illumination
36:22 Block Printing
37:01 Conscription
37:23 Bracer
39:13 Padded Archer Armor
41:49 Chemistry
42:18 Leather Archer Armor
42:15 Bloodlines
42:05 Husbandry
42:41 Ballistics
44:58 Paiks
45:24 Ring Archer Armor
45:30 Masonry
46:42 Theocracy
46:21 Elite Ratha (Ranged)
48:14 Mahayana
49:59 Two-Man Saw
49:24 Town Watch
50:01 Heavy Plow
50:18 Guilds
50:39 Coinage
微变等效电路法
10:02 Feudal Age
11:20 Loom
14:04 Castle Age
12:34 Double-Bit Axe
12:50 Horse Collar
22:21 Bloodlines
22:18 Scale Barding Armor
22:28 Gold Mining
24:46 Wheelbarrow
26:16 Hand Cart
26:42 Bow Saw
29:27 Coinage
32:12 Imperial Age
30:04 Stone Mining
30:19 Heavy Plow
30:46 Husbandry
31:09 Chain Barding Armor
30:54 Town Watch
31:58 Forging
33:07 Plate Barding Armor
33:41 Two-Man Saw
33:30 Stone Shaft Mining
32:56 Cavalier
35:50 Savar
37:30 Iron Casting
37:46 Gold Shaft Mining
37:43 Conscription
36:46 Light Cavalry
38:00 Hussar
40:31 Blast Furnace
39:34 Elite War Elephant
47:52 Citadels
51:08 Hoardings
50:50 Masonry
53:35 Architecture
中國香港玩家
10:25 Feudal Age
9:14 Loom
14:05 Castle Age
12:28 Double-Bit Axe
12:42 Horse Collar
18:26 Fletching
19:58 Bodkin Arrow
21:29 Scale Mail Armor
22:23 Gold Mining
23:25 Bow Saw
23:55 Stone Mining
25:35 Town Watch
29:23 Arson
31:25 Wheelbarrow
33:07 Heavy Plow
34:41 Gold Shaft Mining
34:27 Husbandry
34:58 Hand Cart
35:31 Bloodlines
38:40 Imperial Age
36:47 Scale Barding Armor
36:54 Forging
36:58 Squires
38:07 Chain Mail Armor
37:17 Elite Skirmisher
37:36 Light Cavalry
38:18 Padded Archer Armor
39:55 Iron Casting
39:35 Bracer
39:52 Murder Holes
40:07 Masonry
40:58 Two-Man Saw
40:33 Ballistics
40:58 Plate Mail Armor
41:48 Iron Casting
41:42 Conscription
43:29 Chemistry
43:01 Architecture
42:59 Elite Varangian Guard
43:18 Shield Wall
44:25 Leather Archer Armor
44:38 Pikeman
45:52 Ring Archer Armor
45:33 Halberdier
46:15 Arrowslits
46:21 Guard Tower
47:04 Treadmill Crane
47:56 Crossbowman
48:02 Cranequins
48:49 Thumb Ring
49:44 Keep
49:33 Heavy Mounted Crossbowman
51:10 Siege Engineers
52:15 Chain Barding Armor
51:17 Hussar
51:47 Capped Ram
Connection lost

Rejoining the realm…

Still unreachable

The connection could not be restored.

Session expired

The server has moved on; the page needs a fresh start.